[Event "1st Sales Oliveira Masters 2022"]
[Site "Sales Oliveira"]
[Date "2022.06.10"]
[Round "5.1"]
[White "Lima, Darcy"]
[Black "Fier, Alexandr"]
[Result "1/2-1/2"]
[ECO "E97"]
[WhiteElo "2488"]
[BlackElo "2567"]
[Annotator "TA"]
[PlyCount "56"]
[EventDate "2022.05.30"]
[EventType "swiss"]
[EventCountry "BRA"]
[SourceTitle "playchess.com"]
[Source "ChessBase"]
[SourceQuality "1"]
[TimeControl "40/5400+30:1800+30"]

1. c4 Nf6 2. Nf3 g6 3. d4 Bg7 4. Nc3 O-O 5. e4 d6 6. Be2 e5 7. O-O Nc6 8. dxe5 dxe5 9. Bg5 Bg4 {[%emt 0:00:59] E97: King's Indian: Classical Main Line (6...e5 7 0-0 Nc6): 8 Be3 and 8 d5 Ne7, not 9 Ne1.} 10. Qxd8 Nxd8 11. Bxf6 ({Much weaker is} 11. Nxe5 Bxe2 12. Nxe2 Nxe4 $17) 11... Bxf6 12. Nd5 Kg7 13. Nxc7 {[%emt 0:00:08] Pair of Knights!} ({Don't play} 13. Nxf6 Kxf6 14. Rae1 Bxf3 15. Bxf3 Nc6 $15) 13... Rc8 14. Nd5 Bxf3 15. Bxf3 Rxc4 16. Rfc1 Rxc1+ 17. Rxc1 Nc6 {[%emt 0:00:03] [#]} 18. Kf1 $146 ({Predecessor:} 18. Bd1 Rc8 19. g3 Ne7 20. Rxc8 Nxc8 21. Kf1 Nd6 22. Bc2 Bg5 23. f4 Bf6 24. b4 {½-½ (31) Li,C (2691)-Rapport,R (2735) China 2019}) 18... Bd8 19. Bd1 f5 20. Ba4 Nd4 {[%emt 0:00:16] The position is equal.} 21. Rc8 fxe4 22. Bc2 Nf5 23. Rb8 Nd6 24. Ke2 Bg5 25. Rxf8 Kxf8 26. Nc3 e3 27. fxe3 Nc4 28. Nd1 Ke7 {[%emt 0:00:17] A balanced but interesting game.  Weighted Error Value: White=0.02 (flawless) /Black=0.03 (flawless)} 1/2-1/2

[Event "1st Sales Oliveira Masters 2022"]
[Site "Sales Oliveira"]
[Date "2022.06.10"]
[Round "5.2"]
[White "Rodi, Luis Ernesto"]
[Black "Born, Carlos Rodrigo"]
[Result "1-0"]
[ECO "B23"]
[WhiteElo "2351"]
[BlackElo "2292"]
[Annotator "TA"]
[PlyCount "135"]
[EventDate "2022.05.30"]
[EventType "swiss"]
[EventCountry "BRA"]
[SourceTitle "playchess.com"]
[Source "ChessBase"]
[SourceQuality "1"]
[TimeControl "40/5400+30:1800+30"]

1. e4 c5 2. Nc3 d6 3. d4 cxd4 4. Qxd4 Nc6 5. Qd2 Nf6 6. b3 {[%emt 0:00:07] B23: Closed Sicilian: Lines without g3.} a6 7. Bb2 e5 8. O-O-O {[%emt 0:00:49] White is slightly better.} Be7 {[%emt 0:05:40] [#]} 9. f3 $146 ({Predecessor:} 9. Kb1 O-O 10. f3 Be6 11. g4 Nd4 12. Nce2 Nxe2 13. Nxe2 Qb6 14. Ng3 Rfd8 15. g5 {½-½ (30) Poetz,F (2425)-Martinez Alcantara,J (2617) Graz 2020}) 9... h5 10. Kb1 Qa5 11. g3 Be6 12. Nh3 O-O-O 13. Ng5 (13. Nd5 $16 Qxd2 14. Rxd2) 13... d5 $11 14. Nxe6 fxe6 15. exd5 exd5 16. Ne2 Qc7 17. Bh3+ Kb8 18. Bf5 d4 19. f4 Nd5 20. Be4 Bf6 (20... Ne3 $15) 21. fxe5 $14 Bxe5 22. Bxd5 ({Don't go for} 22. Bxd4 $2 Nxd4 23. Bxd5 Nxe2 24. Qxe2 Qc3 25. Qxe5+ Qxe5 $19) 22... Rxd5 23. Rhf1 h4 24. Nf4 Rd6 25. Ba3 Rf6 (25... Rdh6 $14) 26. Nd5 $1 $16 Rxf1 27. Rxf1 (27. Nxc7 $16 Rxd1+ 28. Qxd1 Kxc7 29. Qf3) 27... Qd8 28. Nf4 Qg5 {[%emt 0:01:52] Inhibits Ng6.} 29. Qe1 hxg3 30. hxg3 Qg4 31. Rg1 Bc7 32. Nd5 Be5 33. Ne7 {[%emt 0:00:20] Strongly threatening Nxc6+.} Bc7 34. Nxc6+ bxc6 35. Qb4+ Kc8 36. Qc4 Kb7 37. Bc5 $36 {[%emt 0:01:54][%mdl 2048] White fights for an advantage.} Rd8 38. a4 Qg6 (38... a5 $11) 39. Bxd4 {[%emt 0:08:47] Threatens to win with Qc5.} Qe4 40. Qb4+ Kc8 41. Bc5 Qxb4 42. Bxb4 {[%emt 0:00:03][%mdl 4096] Endgame KRB-KRB} Rd4 43. Bc3 Rg4 44. Be1 Re4 45. Kc1 Kd7 46. Kd1 Be5 47. Bf2 Bc3 48. Be1 Be5 49. Rf1 Bf6 50. Rf3 c5 51. Bc3 Bxc3 52. Rxc3 {[%emt 0:00:02] KR-KR} Kc6 53. Kd2 Rg4 54. Ke2 a5 (54... Kd5 {is a better defense.} 55. Rd3+ Ke4) 55. Kf3 $18 Rg6 (55... Rd4 $142 56. Re3 c4) 56. Rc4 Kd5 (56... Rd6 $142 57. Rg4 Rd2) 57. Kf4 Rf6+ 58. Kg5 Rf3 59. g4 {[%emt 0:00:14][%cal Bg3g4,Bg4g5][%mdl 32] Black must now prevent Kg6.} Rf6 60. Rf4 $2 {[%emt 0:02:21] [#]} (60. Rc3 $18) 60... Rxf4 $1 $17 61. Kxf4 {[%emt 0:00:07] White threatens Kf5 and mate. KP-KP} c4 $2 {[%emt 0:00:01] A mistake that costs the game.} (61... Kd4 $17 62. c4 Kc3) 62. Kf5 {[%emt 0:02:20] White mates.} Kd4 63. g5 c3 {[%emt 0:03:42] [#]} 64. Kf4 $1 ({Not} 64. Kg6 Ke3 $11) 64... g6 65. Kf3 Ke5 66. Ke3 Kf5 67. Kd3 Kxg5 68. b4 {[%emt 0:00:13] Weighted Error Value: White=0.25 (precise) /Black=0.17 (very precise)} 1-0

[Event "1st Sales Oliveira Masters 2022"]
[Site "Sales Oliveira"]
[Date "2022.06.10"]
[Round "5.3"]
[White "Diamant, Andre"]
[Black "Gemy, Jose Daniel"]
[Result "1-0"]
[ECO "B14"]
[WhiteElo "2539"]
[BlackElo "2367"]
[Annotator "TA"]
[PlyCount "63"]
[EventDate "2022.05.30"]
[EventType "swiss"]
[EventCountry "BRA"]
[SourceTitle "playchess.com"]
[Source "ChessBase"]
[SourceQuality "1"]
[TimeControl "40/5400+30:1800+30"]

1. d4 Nf6 2. c4 e6 3. Nc3 d5 4. Nf3 Bb4 5. e3 c5 6. Bd3 Nc6 7. O-O dxc4 8. Bxc4 cxd4 9. exd4 O-O 10. Bg5 h6 {[%emt 0:00:00] is currently scoring better than 10...Be7. B14: Caro-Kann: Panov-Botvinnik Attack with 5...e6 and 5...g6.} 11. Bh4 Be7 12. Re1 a6 {[%emt 0:00:00] The position is equal.} 13. a3 b5 14. Ba2 Bb7 15. Qd3 b4 16. Na4 {[%emt 0:05:48] next Bb1 is good for White.} Qa5 {[%emt 0:00:00] [#]} (16... bxa3 $11 17. bxa3 Nb8) 17. Bxf6 $146 ({Predecessor:} 17. Nc5 Bxc5 18. Bxf6 gxf6 19. dxc5 Qxc5 20. Rxe6 Rad8 21. Qe4 f5 22. Rg6+ Kh7 23. Rxh6+ Kxh6 24. Qh4+ {1-0 (41) Fiebig,T (2402)-Doeres,H (2226) Germany 2013}) 17... Bxf6 (17... gxf6 $2 18. Bxe6 $1 Qh5 19. Bf5 $18 (19. g4 Qh3 $16)) 18. Nc5 {[%emt 0:02:39] Pair of Knights!} Nxd4 19. Nxb7 Qb6 20. Rad1 b3 {[%emt 0:00:00] [#]} (20... Qxb7 $16 {keeps fighting.} 21. Nxd4 Rfd8) 21. Bb1 $1 $18 Nc2 {[%emt 0:00:00] [#]} 22. Qe4 (22. Nd2 $1 $18) 22... Rfb8 $1 $11 {[%emt 0:00:00] [#]} (22... Bxb2 $2 23. Nd6 $1 Bxa3 24. Nc4 $18) 23. Nd6 {[%emt 0:28:53] Re2 is the strong threat.} Nxe1 24. Nxe1 {[%emt 0:03:41] Black must now prevent Qh7+. Really sharp!} Rd8 25. Rd2 Qb8 {[%emt 0:00:00] [#]} (25... Qc7 $11 {keeps the balance.}) 26. Nf3 {[%emt 0:03:01] 0x0.00207e154865dp-1022s more active pieces.} Bxb2 {[%emt 0:00:00] And now ...Bc3 would win.} 27. Nh4 $2 Bf6 $4 (27... Qc7 $19 28. Re2 (28. Qh7+ $2 Kf8 $19) 28... Be5) 28. Qh7+ {[%emt 0:00:25] White mates.} Kf8 {[%emt 0:07:30] [#]} 29. Nhf5 $1 {[%emt 0:00:35][%mdl 576] Back Rank} exf5 {[%emt 0:00:00] [#]} 30. Nxf5 $1 g6 {[%emt 0:00:00] [#]} 31. Nxh6 $1 Bg7 (31... Qxh2+ 32. Kxh2) 32. Qg8+ {[%emt 0:02:29] Weighted Error Value: White=0.47/Black=0.51} 1-0

[Event "1st Sales Oliveira Masters 2022"]
[Site "Sales Oliveira"]
[Date "2022.06.10"]
[Round "5.4"]
[White "Supi, Luis Paulo"]
[Black "Delgado Ramirez, Neuris"]
[Result "1/2-1/2"]
[ECO "B92"]
[WhiteElo "2590"]
[BlackElo "2603"]
[Annotator "TA"]
[PlyCount "155"]
[EventDate "2022.05.30"]
[EventType "swiss"]
[EventCountry "BRA"]
[SourceTitle "playchess.com"]
[Source "ChessBase"]
[SourceQuality "1"]
[TimeControl "40/5400+30:1800+30"]

1. e4 c5 2. Nf3 d6 3. d4 cxd4 4. Nxd4 Nf6 5. Nc3 a6 6. Be2 e5 7. Nb3 Be7 8. Be3 Be6 9. Nd5 Nbd7 10. Qd3 O-O 11. O-O Bxd5 12. exd5 h5 {[%emt 0:00:08] 12...Rc8 is becoming the main line. B92: Sicilian Najdorf: 6 Be2.} 13. a4 {[%emt 0:00:08] [#]} Ng4 $146 ({Predecessor:} 13... g6 14. a5 Rc8 15. c4 Kg7 16. Bc1 Nh7 17. Nd2 f5 18. b4 Ng5 19. Nb3 Kh7 20. Qc2 {1-0 (64) Janisch,M (2447)-Genga,S (2425) ICCF email 2020}) 14. Bc1 Bg5 15. h3 Bxc1 16. Rfxc1 Ngf6 17. a5 Nc5 (17... b5 $11) 18. Nxc5 $16 dxc5 19. d6 e4 20. Qg3 {[%emt 0:00:37] White is more active.} Re8 (20... Qd7 $142) 21. Rd1 $1 Qd7 (21... b5 $16 {keeps fighting.}) 22. Ra3 $1 $18 Qf5 23. Rb3 $1 Rab8 24. Bc4 h4 25. Qxh4 e3 26. Bd3 (26. Rxe3 $6 Rxe3 27. fxe3 Qxc2 $16) (26. fxe3 Qxc2 27. Rf1 Re4 $11) 26... Qe5 (26... e2 $2 27. Re1 (27. Bxf5 $2 {perishes.} exd1=Q+ 28. Kh2 Re1 $19) 27... Qd5 28. Qf4 (28. Bxe2 $2 Rxe2 29. Rxe2 Qd1+ 30. Kh2 Qxe2 $19) (28. Rxe2 Qxd6 29. Qg3 Qxg3 $16)) 27. fxe3 Qxe3+ 28. Kh1 Qe5 29. Rf1 $2 (29. Bc4 $1 $18 {and the rest is easy.}) 29... Qxd6 $16 30. Rb6 Qd4 {[%emt 0:00:03] [#]} 31. Qxd4 cxd4 32. Rb4 Red8 33. Ra1 Nh5 34. Ra3 (34. Rd1 $142) 34... Nf4 35. Be4 Ne6 36. Bf3 ({But not} 36. Bxb7 $2 Nc5 37. Rb6 Rxb7 $19) (36. Rb6 $5 ) 36... Rd7 {[%emt 0:03:24] [#]} 37. Rc4 ({White should try} 37. Rb6 $1 $16) 37... Ng5 38. Bg4 Rd5 39. Rb4 Ne4 40. Bf3 f5 41. Raa4 Rc8 42. Rxd4 Rxd4 43. Rxd4 Rxc2 $14 {[%emt 0:00:05][%mdl 4096] Endgame KRB-KRN} 44. b4 Rc7 {[%emt 0:03:37] Against Rd7} 45. Bxe4 fxe4 46. Rxe4 $16 {[%emt 0:00:03] KR-KR} Kf7 {[%emt 0:00:09] Against Re6} 47. Kg1 b6 48. Re5 bxa5 49. bxa5 Kf6 50. Rd5 Ke6 {[%emt 0:00:13] Against Rd6+} 51. Rg5 Kf6 {[%emt 0:00:37] Prevents Rg6+.} 52. Rd5 {[%emt 0:00:13] Rd6+ is the strong threat.} Ke6 {[%emt 0:00:25] Inhibits Rd6+.} 53. Rg5 {[%emt 0:00:02] Hoping for Rg6+.} (53. Rd1 $5 ) 53... Kf6 {[%emt 0:00:38] Inhibits Rg6+. The position is equal.} 54. h4 Rc4 55. g3 Rc2 56. Kf1 g6 57. Ke1 Rg2 58. Kf1 Rc2 59. Ke1 Rg2 60. Kd1 Kf7 61. Kc1 Kf6 62. Kb1 Kf7 63. Ka1 Kf6 64. Kb1 Kf7 65. Rg4 Kf6 66. Rf4+ Ke5 67. Rf3 Ke4 68. Rf4+ Ke5 69. Rf3 Ke4 70. Rf6 Rxg3 71. Rxa6 {[%emt 0:00:02] And now Rb6 would win.} Kd5 72. Rf6 {[%emt 0:01:06] Black must now prevent a6.} Rg4 73. a6 {[%emt 0:00:11] Strongly threatening a7.} Rxh4 74. Rxg6 Kc5 75. a7 Ra4 76. Rg2 {[%emt 0:00:04] Ra2 would kill now.} Rxa7 77. Ra2 Rxa2 78. Kxa2 {[%emt 0:07:44] White really could win this.  Weighted Error Value: White=0.13 (very precise) /Black=0.14 (very precise)} 1/2-1/2

[Event "1st Sales Oliveira Masters 2022"]
[Site "Sales Oliveira"]
[Date "2022.06.10"]
[Round "5.5"]
[White "Coro, Lucas"]
[Black "Labussiere, Victor"]
[Result "0-1"]
[ECO "B63"]
[WhiteElo "2398"]
[BlackElo "2349"]
[Annotator "TA"]
[PlyCount "86"]
[EventDate "2022.05.30"]
[EventType "swiss"]
[EventCountry "BRA"]
[SourceTitle "playchess.com"]
[Source "ChessBase"]
[SourceQuality "1"]
[TimeControl "40/5400+30:1800+30"]

1. e4 c5 2. Nf3 d6 3. d4 Nf6 4. Nc3 cxd4 5. Nxd4 Nc6 6. Bg5 e6 7. Qd2 Qb6 8. Nb3 Be7 {[%emt 0:00:34] 8...a6 is the modern continuation.} 9. O-O-O O-O 10. h4 Rd8 {[%emt 0:02:40] B63: Sicilian: Richter-Rauzer: 7...Be7 and unusual Black 7th moves.} 11. h5 d5 ({Black should try} 11... h6 $1 $11 12. Be3 Qc7) 12. exd5 $14 Nxd5 {[%emt 0:02:46] White is slightly better.} 13. Bxe7 Ndxe7 14. Bd3 {[%emt 0:00:48] Black must now prevent h6.} h6 $1 {[%emt 0:10:11] [#]} 15. Qe2 $146 (15. g4 $5 ) ({Predecessor:} 15. g4 e5 16. Rhg1 Nd4 17. Nxd4 Rxd4 18. g5 Kf8 19. Nb5 Rd8 20. Qc3 Bf5 21. Bxf5 Qxb5 {½-½ (74) Gaponenko,I (2428)-Zubarev,A (2548) Rethymno 2009}) 15... Nb4 16. Be4 Nbd5 17. Bxd5 Nxd5 18. Nxd5 exd5 19. Nd4 Qf6 20. Kb1 Bd7 21. f3 Re8 22. Qd2 Re5 23. g4 Qd6 24. Rhg1 Kh8 25. Rdf1 Rae8 26. c3 a5 27. f4 Re4 28. g5 a4 (28... b5 $11) 29. a3 $36 {[%emt 0:00:34][%mdl 2048] White is on the roll.} Qb6 30. f5 {[%emt 0:08:47] Hoping for f6.} hxg5 31. Qxg5 Qh6 (31... Qf6 $142) 32. Qg3 $16 R4e5 (32... Bc8 $16 33. f6 Rg4 34. fxg7+ Qxg7) 33. Ka2 $18 b6 34. Qh2 ({Don't play} 34. f6 $6 gxf6 35. Qh4 f5 $16) (34. Rf3 $1 $18) 34... Bc8 $16 {[%emt 0:00:58] [#]} 35. Ne6 $1 Qe3 {[%emt 0:03:49][%mdl 8192] [#]} (35... Rxf5 $16 36. Rxf5 (36. Nxg7 Rxf1 37. Nxe8 Qf4 $11) 36... Bxe6) 36. h6 $1 $18 g6 37. fxg6 $2 Bxe6 $11 {[%emt 0:00:28] The board is on fire.} 38. g7+ $2 (38. gxf7 $11 {and White has nothing to worry.} d4+ 39. Ka1 Bxf7 40. Rxf7) 38... Kh7 $19 {[%emt 0:00:05] Strongly threatening ...d4+.} 39. Qc2+ $2 (39. Ka1 Bf5 40. Qh4) 39... Qe4 40. Qf2 Rg8 {[%emt 0:01:05] Threatens to win with ...d4+.} 41. Re1 Qc4+ 42. Ka1 {[%emt 0:00:06] [#]} d4 $1 43. b3 (43. Qc2+ f5) 43... Qxc3+ {[%emt 0:00:05] Black used his chance.  Weighted Error Value: White=0.85/Black=0.21 (precise)} 0-1

[Event "1st Sales Oliveira Masters 2022"]
[Site "Sales Oliveira"]
[Date "2022.06.11"]
[Round "6.1"]
[White "Fier, Alexandr"]
[Black "Labussiere, Victor"]
[Result "1-0"]
[ECO "A14"]
[WhiteElo "2567"]
[BlackElo "2349"]
[Annotator "TA"]
[PlyCount "77"]
[EventDate "2022.05.30"]
[EventType "swiss"]
[EventCountry "BRA"]
[SourceTitle "playchess.com"]
[Source "ChessBase"]
[SourceQuality "1"]
[TimeControl "40/5400+30:1800+30"]

1. c4 e6 2. Nf3 d5 3. b3 Nf6 4. g3 Be7 5. Bg2 O-O 6. O-O b6 7. Bb2 Bb7 8. e3 c5 9. Nc3 Nc6 10. cxd5 Nxd5 11. Nxd5 Qxd5 {[%emt 0:03:48] 11...Qxd5 scores better than 11...exd5.} 12. d4 Rfd8 (12... Qf5 $11 {remains equal.}) 13. Ne5 $16 {[%emt 0:03:00] A14: English Opening: 1...e6 with b3 by White.} Qxg2+ (13... Qd6 $142) 14. Kxg2 Nxe5+ 15. f3 {[%emt 0:00:05] White is clearly better.} cxd4 16. exd4 Nc6 {[%emt 0:03:28] [#]} 17. d5 $146 (17. Qe2 $18) ({Predecessor:} 17. Rf2 Bf6 18. Rd2 Rd5 19. Qe2 Rad8 20. Rad1 h5 21. h4 g6 22. a3 Rf5 23. Rd3 Ba6 24. d5 Rfxd5 25. Bxf6 Bxd3 26. Qe3 {1-0 (26) Harika,D (2515)-Korsunsky,Y (2395) Chess.com INT 2021}) 17... exd5 (17... Rxd5 $14 18. Qe1 Rad8) 18. Re1 Bc5 19. a3 {[%emt 0:00:57] Black must now prevent b4.} a5 {[%emt 0:00:43] Against b4} 20. Qd3 d4 21. Bc1 (21. Re4 $16) 21... Re8 ({Better is} 21... Rd5 $1 $14) 22. Bf4 Re7 $2 {[%emt 0:04:33] This move loses the game for Black.} (22... Red8 $16 {keeps fighting.} 23. Bd2 h6) 23. Rxe7 $18 Nxe7 24. Bd2 Nd5 25. Qb5 {[%emt 0:00:48] [#] Qd7 is the strong threat.} Ne3+ (25... Rd8 $142 26. b4 axb4) 26. Bxe3 dxe3 27. Qd7 Bc8 28. Qc6 Rb8 29. Qc7 Ra8 30. Rd1 {[%emt 0:00:12] [#] Intending Rd8+ and mate.} h6 31. Qc6 e2 32. Re1 Rb8 33. Qe8+ Bf8 34. Rxe2 $2 (34. Kf2) 34... Ra8 $2 (34... Bh3+ 35. Kxh3 Rxe8 36. Rxe8 g6) 35. Qc6 {[%emt 0:01:07][%csl LRa8,LRb6] White is clearly winning.} Ba6 36. Rd2 Rb8 37. Qc7 Ra8 38. Qxb6 a4 39. bxa4 {[%emt 0:00:19] Weighted Error Value: White=0.42/Black=0.64} 1-0

[Event "1st Sales Oliveira Masters 2022"]
[Site "Sales Oliveira"]
[Date "2022.06.11"]
[Round "6.2"]
[White "Delgado Ramirez, Neuris"]
[Black "Coro, Lucas"]
[Result "1-0"]
[ECO "B31"]
[WhiteElo "2603"]
[BlackElo "2398"]
[Annotator "TA"]
[PlyCount "71"]
[EventDate "2022.05.30"]
[EventType "swiss"]
[EventCountry "BRA"]
[SourceTitle "playchess.com"]
[Source "ChessBase"]
[SourceQuality "1"]
[TimeControl "40/5400+30:1800+30"]

1. e4 c5 2. Nf3 Nc6 3. Bb5 g6 4. c3 Nf6 5. e5 Nd5 $1 6. d4 {[%emt 0:00:06] B31: Sicilian: 2...Nc6 3 Bb5 g6.} cxd4 7. Qb3 Nc7 8. Bc4 {[%emt 0:00:05][%csl Gb3][%cal Rc4f7] [#] The position is equal.} (8. Nxd4 Nxe5 9. Be2 Bg7 $17) 8... Ne6 9. cxd4 Na5 10. Qc3 Nxc4 11. Qxc4 Qc7 12. Qc3 b6 13. d5 Qxc3+ $1 14. Nxc3 (14. bxc3 Nc5 15. Be3 Nd3+ 16. Kd2 Ba6 $17) 14... Nc7 {[%emt 0:00:47] [#]} 15. Bg5 $146 ({Predecessor:} 15. Bf4 Bg7 16. O-O Bb7 17. Rfd1 Rc8 18. Rac1 O-O 19. Bg3 Nxd5 20. Nxd5 Bxd5 21. h3 {0-1 (29) Margaritis,F (2119)-Perunovic,M (2557) Korinthos 2004}) 15... Ba6 16. O-O-O (16. d6 $5 Ne6 17. dxe7 Bxe7 18. Bf6 (18. Bxe7 Kxe7 19. Nd5+ Kf8 $11) 18... Bxf6 19. exf6 $11) 16... Rc8 17. Kb1 h6 18. Bh4 g5 19. Bg3 Nb5 20. Ne4 Bg7 (20... Rc4 $11 {should be considered.} 21. Rhe1 Bb7) 21. a4 $14 Nc7 22. Nd4 O-O $2 {[%emt 0:01:18] [#] Loses the game.} (22... Nxd5 $2 23. Nf5 $18) (22... Bb7 $14) 23. Nf5 $18 Rfe8 24. d6 Bb7 25. f3 Nd5 26. dxe7 Nxe7 27. Nfd6 {[%emt 0:01:24] Pair of Knights!} ({And not} 27. Rxd7 Bxe4+ 28. fxe4 Nxf5 29. exf5 Bxe5 $14) 27... Bc6 28. Nxe8 Rxe8 29. Nd6 {[%emt 0:04:40] Against Nf5} Rf8 30. h4 f6 (30... g4 $142) 31. exf6 Bxf6 32. hxg5 hxg5 33. Ne4 {[%emt 0:03:53] Black must now prevent Bd6.} Bg7 (33... Nf5 {keeps fighting.}) 34. Bd6 {[%emt 0:01:28] White has a decisive advantage.} ({Don't do} 34. Nxg5 $6 Rf5 $18) 34... Re8 35. Rde1 ({Don't take} 35. Nxg5 $6 Nf5 36. Bf4 Bxa4 $18) 35... Nd5 36. Nxg5 {[%emt 0:00:33] Weighted Error Value: White=0.04 (flawless) /Black=0.21 (precise)} 1-0

[Event "1st Sales Oliveira Masters 2022"]
[Site "Sales Oliveira"]
[Date "2022.06.11"]
[Round "6.3"]
[White "Gemy, Jose Daniel"]
[Black "Supi, Luis Paulo"]
[Result "0-1"]
[ECO "B50"]
[WhiteElo "2367"]
[BlackElo "2590"]
[Annotator "TA"]
[PlyCount "82"]
[EventDate "2022.05.30"]
[EventType "swiss"]
[EventCountry "BRA"]
[SourceTitle "playchess.com"]
[Source "ChessBase"]
[SourceQuality "1"]
[TimeControl "40/5400+30:1800+30"]

1. e4 c5 2. Nf3 d6 3. c3 Nf6 4. h3 Nc6 5. Bd3 e5 6. Bc2 g6 7. O-O Bg7 8. d4 cxd4 9. cxd4 exd4 10. Nxd4 O-O 11. Nc3 d5 {[%emt 0:00:30] B50: Sicilian: 2...d6, Miscellaneous.} 12. Be3 (12. Nxc6 {keeps more tension.} bxc6 13. Bg5 Qa5 14. Bxf6 Bxf6 15. exd5 Bxc3 16. bxc3 cxd5 17. Bb3) 12... Nxd4 (12... dxe4 {feels hotter.} 13. Nxc6 bxc6 14. Nxe4 Ba6) 13. Bxd4 dxe4 {[%emt 0:00:00] The position is equal.} 14. Nxe4 Nxe4 15. Bxg7 Kxg7 {[%emt 0:00:00] [#]} 16. Qxd8 $146 ({Predecessor:} 16. Bxe4 Qxd1 17. Rfxd1 Be6 18. b3 Rab8 19. Rac1 Rfe8 20. Rd4 Re7 21. f4 Rc8 22. Rxc8 Bxc8 {½-½ (30) Novikov,M (2511)-Bragin,A (2357) Pushchino 2013}) 16... Rxd8 17. Bxe4 Rd4 18. Bf3 Be6 19. Rfc1 Rad8 20. Rc7 R8d7 21. Rac1 b6 22. a3 a5 23. Rxd7 Bxd7 24. Rd1 Rxd1+ 25. Bxd1 $11 {[%emt 0:00:00][%mdl 4096] Endgame KB-KB} g5 26. Kf1 Kf6 27. Bb3 Bb5+ 28. Ke1 h5 29. Kd2 Bf1 30. Bd5 h4 31. Ke1 Ke5 32. Kxf1 $2 {[%emt 0:00:50] This move loses the game for White.} (32. Bf3 $17 {might work better.} Bc4 33. Kd2) 32... Kxd5 $17 {[%emt 0:00:00] KP-KP} 33. Ke2 {[%emt 0:00:30] [#]} Kc4 {[%emt 0:00:00] Threatens to win with ...Kb3.} 34. Kd2 $2 (34. f4 gxf4 35. Kf3) 34... Kb3 $19 35. Kc1 b5 36. Kb1 f5 37. f3 b4 {[%emt 0:00:00] Black mates.} 38. axb4 axb4 39. Kc1 {[%emt 0:00:04] [#]} Ka2 $1 40. Kc2 b3+ 41. Kc3 f4 {[%emt 0:29:43] Weighted Error Value: White=0.53/Black=0.01 (flawless)} 0-1

[Event "1st Sales Oliveira Masters 2022"]
[Site "Sales Oliveira"]
[Date "2022.06.11"]
[Round "6.4"]
[White "Born, Carlos Rodrigo"]
[Black "Diamant, Andre"]
[Result "0-1"]
[ECO "B61"]
[WhiteElo "2292"]
[BlackElo "2539"]
[Annotator "TA"]
[PlyCount "106"]
[EventDate "2022.05.30"]
[EventType "swiss"]
[EventCountry "BRA"]
[SourceTitle "playchess.com"]
[Source "ChessBase"]
[SourceQuality "1"]
[TimeControl "40/5400+30:1800+30"]

1. e4 c5 2. Nf3 d6 3. d4 cxd4 4. Nxd4 Nf6 5. Nc3 Nc6 6. Bg5 Bd7 7. Qd2 Rc8 8. O-O-O Nxd4 9. Qxd4 Qa5 10. Be3 {[%emt 0:06:30] 10.Bxf6 is the modern continuation.} a6 11. Qb6 {[%emt 0:01:48] B61: Sicilian: Richter-Rauzer: 6...Bd7 7 Qd2.} Qxb6 12. Bxb6 g6 13. f3 {[%emt 0:00:39] The position is equal.} Bg7 14. Bd4 O-O 15. Bxf6 Bxf6 16. Nd5 Kg7 17. Nxf6 Kxf6 {[%emt 0:00:11] [#]} 18. Kd2 $146 ({Predecessor:} 18. Bd3 a5 19. Rhe1 Rc5 20. g3 Rfc8 21. Kd2 b5 22. a3 g5 23. Ke3 h5 24. c3 {0-1 (97) Titus,A (1685)-Chukavin,K (1905) Maribor 2012}) 18... Rc5 19. Bd3 Rfc8 20. Rc1 Be6 21. f4 g5 (21... Bxa2 22. b3 $14) 22. g3 gxf4 (22... Bxa2 23. b3 $16) 23. gxf4 (23. Rhf1 $11 {remains equal.}) 23... Rh5 {[%emt 0:00:16] Black is more active.} (23... Bxa2 24. b3 $14) ({Better is} 23... Bc4 $1 $17) 24. Rcg1 Rh4 ({But not} 24... Bxa2 25. b3 $16) 25. Ke3 Rc5 ({Resist} 25... Bxa2 26. b3 $14) 26. Rg2 Bd7 ({Don't do} 26... Bxa2 27. b3 $14) 27. Rf2 Bc6 28. Rg1 Rch5 29. Rgg2 e6 30. Be2 {[%emt 0:12:58] [#]} Rh6 31. Bg4 Rg6 32. h3 h5 33. f5 exf5 34. Bxf5 Rxg2 35. Rxg2 $17 {[%emt 0:00:01][%mdl 4096] Endgame KRB-KRB} Ke5 36. Rg5 f6 37. Rg7 Bxe4 38. Bxe4 Rxe4+ {[%emt 0:00:10] KR-KR} 39. Kf3 {[%emt 0:00:08] Hoping for Re7+.} Rf4+ 40. Kg2 {[%emt 0:00:53] [#]} b5 $1 41. c3 b4 42. Ra7 (42. Re7+ $17 Kf5 43. Rh7) 42... bxc3 $19 43. Rxa6 $2 (43. bxc3 Ra4 44. Re7+ Kf5 45. Re2) 43... cxb2 {[%emt 0:00:55] Black is clearly winning.} 44. Rb6 d5 45. Rxb2 h4 46. a3 f5 47. Ra2 Ra4 48. Re2+ Kf6 49. Re8 Rxa3 50. Rf8+ Kg5 51. Rd8 Rd3 {[%emt 0:00:14] And now ...d4 would win.} 52. Kf2 Kf4 53. Rh8 Rxh3 {[%emt 0:00:36] Weighted Error Value: White=0.70/Black=0.19 (very precise)} 0-1